 Dungeon Crawl Stone Soup version 0.21.1-1-g345015fe64 (webtiles) character file.

10128 Oravi the Slinger (level 11, -2/80 HPs)
             Began as a Halfling Hunter on Apr 20, 2018.
             Was a High Priest of Okawaru.
             Shot with a sling bullet by Joseph (8 damage)
             ... on level 10 of the Dungeon.
             The game lasted 00:36:28 (10984 turns).

Oravi the Slinger (Halfling Hunter)                Turns: 10984, Time: 00:36:29

Health: -2/80      AC:  7    Str: 13    XL:     11   Next: 87%
Magic:  12/12      EV: 24    Int:  9    God:    Okawaru [*****.]
Gold:   671        SH: 10    Dex: 19    Spells: 10/10 levels left

rFire    . . .     SeeInvis .   b - +0 short sword (venom)
rCold    . . .     Gourm    .   D - +0 shield
rNeg     . . .     Faith    .   F - +1 animal skin
rPois    .         Spirit   .   c - +0 helmet
rElec    .         Reflect  .   (no cloak)
rCorr    .         Harm     .   t - +1 pair of gloves
MR       .....                  (no boots)
Stlth    ++........             k - amulet of magic regeneration
HPRegen  0.23/turn              p - +2 ring of evasion
MPRegen  0.38/turn              I - +2 ring of evasion

@: no status effects
A: small, mutation resistance 1
a: Heroism, Finesse, Renounce Religion


You were on level 10 of the Dungeon.
You worshipped Okawaru.
Okawaru was extremely pleased with you.
You were not hungry.

You visited 2 branches of the dungeon, and saw 11 of its levels.
You also visited: Ossuary.

You collected 671 gold pieces.

Inventory:

Hand Weapons
 a - the +8 hunting sling of Turmoil {freeze, +Blink MP+9 Str-4 SInv}
   (You found it on level 7 of the Dungeon)

   It causes projectiles fired from it to freeze those they strike, causing
   extra injury to most foes and up to half again as much damage against
   particularly susceptible opponents.
   They can also slow down cold-blooded creatures.
   It affects your strength (-4).
   It affects your magic capacity (+9).
   It lets you see invisible.
   It lets you blink.
 b - a +0 short sword of venom (weapon)
 u - a +2 dagger of protection
 z - a +2 short sword of speed
 A - a +2 hunting sling
 H - a +2 short sword
Missiles
 n - 168 sling bullets
 o - 318 stones (quivered)
Armour
 c - a +0 helmet (worn)
 s - a cursed -2 scale mail
 t - a +1 pair of gloves (worn)
 D - a +0 shield (worn)
 F - a +1 animal skin (worn)
Jewellery
 k - an amulet of magic regeneration (around neck)
 p - a +2 ring of evasion (left hand)
 y - an uncursed amulet of rage
 I - a +2 ring of evasion (right hand)
Wands
 d - a wand of paralysis (13)
 q - a wand of digging (11)
 B - a wand of polymorph (11)
 C - a wand of iceblast (6)
 E - a wand of random effects (3)
Scrolls
 e - 6 scrolls of teleportation
 g - 4 scrolls of fog
 h - 2 scrolls of remove curse
 G - a scroll of magic mapping {unknown}
 J - 2 scrolls of identify
Potions
 i - 5 potions of brilliance
 j - 3 potions of magic
 l - 2 potions of lignification
 m - a potion of berserk rage
 r - 2 potions of curing
 v - a potion of haste
 w - 2 potions of agility
 x - a potion of flight {unknown}
 K - a potion of mutation {unknown}
Comestibles
 f - 20 rations
 L - 4 chunks of flesh


   Skills:
 + Level 9.1 Fighting
 * Level 7.8 Short Blades
 - Level 12.0 Slings
 * Level 6.1 Armour
 * Level 9.0 Dodging
 - Level 1.1 Stealth
 * Level 5.6 Shields
 + Level 1.7 Invocations


You had 10 spell levels left.
You didn't know any spells.

Dungeon Overview and Level Annotations

Branches:
Dungeon (10/15)            Temple (1/1) D:5
   Lair: D:8-11         Orc: D:9-12

Altars:
Ashenzari
Cheibriados
Dithmenos
Elyvilon
Fedhas
Gozag
Hepliaklqana
Kikubaaqudgha
Makhleb
Nemelex Xobeh
Okawaru
Qazlal
Ru
Sif Muna
Trog
Uskayaw
Vehumet
Wu Jian
Xom
Yredelemnul
Zin
The Shining One

Shops:
D:9 =   D:10 [[?=*

Annotations:
D:10 Joseph


Innate Abilities, Weirdness & Mutations

You are small and have problems with some larger weapons.
You are somewhat resistant to further mutation.


Message History

Joseph is severely wounded.
You block Joseph's attack.
You feel better.
Joseph screams, "You must be punished!"
Joseph barely misses you.
Joseph unwields an uncursed quarterstaff of protection.
Joseph wields an uncursed hunting sling of freezing.
It is covered in frost.
Joseph shoots a sling bullet.
You block the sling bullet.
You see here 3 sling bullets.
Joseph shoots a sling bullet.
The sling bullet hits you!
* * * LOW HITPOINT WARNING * * *
The sling bullet freezes you.
* * * LOW HITPOINT WARNING * * *
You see here a sling bullet.
You feel better.
You feel better.
Joseph shoots a sling bullet.
The sling bullet hits you!
* * * LOW HITPOINT WARNING * * *
The sling bullet freezes you!
You die...

.# #.# .####.∩##....###.## <#
#.. .. ##.###.#.....# .# ####
#. #.# #>####.## .# #..
#.###.## #.# .# ####..
#.##...###.# .# #.....###
#..........# .# .8..∩..8.#
####...#####
.#######.#.##....#######.###
..............(.@..@s((..((#
...#.....#..##.###########(.#
..## .... # .P.... ..###..#
.. F.P.P.P.. #..#..# #.#
.@..Pr.... #[....##...
..PPP.....P ............
..P.....PPP. .[.}....##..
#....P####... ..._...##


You could see Joseph and a scorpion.

Vanquished Creatures
  Harold (D:10)
  The ghost of Oravi the Slinger, a journeyman HaHu of Okawaru (D:9)
  Erica (D:10)
  2 two-headed ogres (D:9)
  The ghost of tensugalgo the Covert, a novice OpEn of Cheibriados (D:7)
  A merfolk (D:10)
  2 hippogriffs
  Sigmund (D:2)
  A yak (D:10)
  A wyvern (D:8)
  Grum (D:8)
  3 orc warriors
  2 porcupines (D:10)
  3 ice beasts
  A necrophage (D:8)
  A phantom (D:6)
  A black bear (D:8)
  5 centaurs
  3 ogres
  4 wolves (D:8)
  6 bullfrogs
  A gnoll sergeant (D:7)
  An elf zombie (Ossuary)
  5 scorpions
  A wyvern skeleton (D:7)
  8 wights
  6 killer bees (D:9)
  A howler monkey (D:8)
  2 crimson imps
  7 hounds
  A quasit (D:9)
  2 centaur zombies
  2 centaur skeletons
  A gnoll shaman (D:6)
  A human zombie (Ossuary)
  7 orc priests
  6 orc wizards
  Jessica (D:2)
  Terence (D:3)
  6 worker ants
  Natasha (twice) (D:2)
  2 big kobold zombies (Ossuary)
  5 hound zombies
  3 mummies (Ossuary)
  2 worker ant zombies
  10 gnolls
  10 adders
  2 shadow imps
  2 oozes
  3 adder zombies
  3 adder skeletons
  2 worms
  3 dart slugs (D:1)
  5 leopard geckos
  23 orcs
  6 giant cockroaches
  3 goblins
  7 hobgoblins
  8 jackals
  4 kobolds
  3 quokkas
  7 bats
  5 frilled lizards
  3 goblin zombies (Ossuary)
  7 hobgoblin zombies (Ossuary)
  A jackal skeleton (D:4)
  4 jackal zombies (Ossuary)
  4 kobold zombies (Ossuary)
  2 orc zombies (Ossuary)
  A quokka skeleton (D:4)
  4 quokka zombies (Ossuary)
  7 rats
  2 rat zombies (Ossuary)
257 creatures vanquished.

Vanquished Creatures (others)
  7 fungi (D:10)
  A plant (D:10)
8 creatures vanquished.

Grand Total: 265 creatures vanquished

Notes
Turn   | Place    | Note
-------+----------+-------------------------------------------
     0 | D:1      | Oravi the Halfling Hunter began the quest for the Orb.
     0 | D:1      | Reached XP level 1. HP: 14/14 MP: 1/1
    64 | D:1      | Reached skill level 6 in Slings
   103 | D:1      | Reached XP level 2. HP: 19/19 MP: 2/2
   409 | D:1      | Reached XP level 3. HP: 24/24 MP: 3/3
   550 | D:2      | Noticed Sigmund
   588 | D:2      | Killed Sigmund
   588 | D:2      | Reached skill level 8 in Slings
   588 | D:2      | Reached XP level 4. HP: 27/30 MP: 4/4
   588 | D:2      | Reached XP level 5. HP: 31/35 MP: 5/5
   665 | D:2      | Found an iron altar of Okawaru.
   709 | D:2      | Became a worshipper of Warmaster Okawaru
   956 | D:2      | Noticed Jessica
   966 | D:2      | Killed Jessica
   966 | D:2      | Reached XP level 6. HP: 40/41 MP: 6/6
  1147 | D:2      | Noticed Natasha
  1158 | D:2      | Killed Natasha
  1158 | D:2      | Reached skill level 9 in Slings
  1347 | D:2      | Reached skill level 1 in Armour
  1474 | D:2      | Noticed Natasha
  1481 | D:2      | Killed Natasha
  2005 | D:3      | Noticed Terence
  2036 | D:3      | Killed Terence
  2270 | D:3      | Reached XP level 7. HP: 42/45 MP: 7/7
  2417 | D:3      | Found a shadowy altar of Dithmenos.
  2427 | D:3      | Found a basalt altar of Yredelemnul.
  2524 | D:3      | Found a shimmering altar of Xom.
  2720 | D:4      | Found a white marble altar of Elyvilon.
  2809 | D:4      | Reached skill level 10 in Slings
  2981 | D:4      | Found a stormy altar of Qazlal.
  3415 | D:4      | Found a glowing golden altar of the Shining One.
  3492 | D:5      | Entered Level 5 of the Dungeon
  3522 | D:5      | Found a staircase to the Ecumenical Temple.
  3544 | D:5      | Reached * piety under Okawaru
  3555 | Temple   | Entered the Ecumenical Temple
  4422 | D:5      | Reached XP level 8. HP: 48/52 MP: 8/8
  4766 | D:5      | Reached skill level 1 in Short Blades
  4880 | D:6      | Reached skill level 11 in Slings
  5129 | D:6      | Found a hide-covered altar of Uskayaw.
  5209 | D:6      | Found a sand-covered staircase.
  5214 | Ossuary  | Entered an ossuary
  5524 | Ossuary  | Reached skill level 5 in Dodging
  5871 | D:6      | Reached skill level 12 in Slings
  6003 | D:6      | Reached XP level 9. HP: 58/58 MP: 9/9
  6137 | D:6      | Reached ** piety under Okawaru
  6215 | D:6      | Found an ornate altar of the Wu Jian Council.
  6692 | D:7      | Noticed a hippogriff
  6707 | D:7      | Killed a hippogriff
  6707 | D:7      | Reached skill level 5 in Fighting
  6913 | D:7      | Noticed tensugalgo's ghost (novice OpEn)
  7055 | D:7      | Got a warped hunting sling
  7056 | D:7      | Identified the +8 hunting sling of Turmoil {freeze, +Blink MP+9 Str-4 SInv} (You found it on level 7 of the Dungeon)
  7378 | D:7      | Killed tensugalgo's ghost
  7378 | D:7      | Reached skill level 1 in Shields
  7500 | D:8      | Reached skill level 5 in Short Blades
  7594 | D:8      | Reached *** piety under Okawaru
  7594 | D:8      | Reached XP level 10. HP: 52/68 MP: 10/10
  8212 | D:8      | Noticed Grum
  8215 | D:8      | Received a gift from Okawaru
  8233 | D:8      | Killed Grum
  9009 | D:9      | Found Idutuh's Jewellery Shop.
  9285 | D:9      | Noticed Oravi's ghost (journeyman HaHu)
  9320 | D:9      | Reached **** piety under Okawaru
  9327 | D:9      | Killed Oravi's ghost
  9327 | D:9      | Received a gift from Okawaru
  9327 | D:9      | Reached skill level 5 in Armour
  9327 | D:9      | Reached XP level 11. HP: 58/76 MP: 11/11
  9562 | D:9      | Noticed a two-headed ogre
  9581 | D:9      | Killed a two-headed ogre
  9581 | D:9      | Reached skill level 1 in Invocations
  9834 | D:9      | Noticed a two-headed ogre
  9863 | D:9      | Killed a two-headed ogre
  9863 | D:9      | Received a gift from Okawaru
 10190 | D:10     | Entered Level 10 of the Dungeon
 10190 | D:10     | Found a shadowy altar of Dithmenos.
 10201 | D:10     | Found Nafut's Antique Armour Shoppe.
 10367 | D:10     | Noticed Harold
 10383 | D:10     | Killed Harold
 10383 | D:10     | Reached skill level 5 in Shields
 10610 | D:10     | Received a gift from Okawaru
 10645 | D:10     | Noticed Erica
 10651 | D:10     | Killed Erica
 10685 | D:10     | Found Pofid's Jewellery Emporium.
 10766 | D:10     | Found Doeclon's Magic Scroll Shop.
 10787 | D:10     | Reached ***** piety under Okawaru
 10791 | D:10     | Found Dicasaga's Assorted Antiques.
 10913 | D:10     | Found Ycuthy's Antique Armour Boutique.
 10917 | D:10     | Received a gift from Okawaru
 10938 | D:10     | Noticed Joseph
 10984 | D:10     | Shot with a sling bullet by Joseph

Skill      XL: |  1  2  3  4  5  6  7  8  9 10 11 |
---------------+----------------------------------+-----
Slings         | 6 8 9 10 12 | 12.0
Fighting       | 2 3 4 6 7 9 |  9.1
Dodging        | 3 4 5 6 8 9 |  9.0
Armour         | 1 2 4 5 6 |  6.1
Short Blades   | 3 5 6 7 |  7.8
Shields        | 1 3 5 |  5.6
Invocations    | 1 |  1.7
Stealth        | |  1.1

Action                   |  1- 3 |  4- 6 |  7- 9 | 10-12 || total
-------------------------+-------+-------+-------+-------++-------
Melee: Short sword       |       |    14 |    14 |    17 ||    45
 Fire: Hunting sling     |    49 |   155 |   598 |   341 ||  1143
Invok: Heroism           |       |       |     3 |     7 ||    10
  Use: Scroll            |       |    12 |     9 |     2 ||    23
       Potion            |       |     1 |       |     5 ||     6
  Eat: Chunk             |       |     4 |    11 |    11 ||    26
       Ration            |       |       |     1 |       ||     1
Armor: Leather armour    |     1 |    10 |    20 |     4 ||    35
       Animal skin       |       |       |       |     5 ||     5
Dodge: Dodged            |     2 |    42 |   126 |    79 ||   249
Block: Shield            |       |       |     1 |    68 ||    69
